 Dungeon Crawl Stone Soup version 0.26-b1-32-g5d43845318 (webtiles) character file.

Game seed: 1675879663151892939

124 Borgoz the Slasher (level 5, -2/45 HPs)
             Began as a Ghoul Gladiator on Jan 13, 2021.
             Slain by an ogre
             ... wielding a +0 giant spiked club
              (11 damage)
             ... on level 4 of the Dungeon.
             The game lasted 00:02:13 (2833 turns).

Borgoz the Slasher (Ghoul Gladiator)                Turns: 2833, Time: 00:02:14

Health: -2/45      AC:  4    Str: 18    XL:     5   Next: 8%
Magic:  4/4        EV: 12    Int:  3    God:
Gold:   150        SH:  0    Dex: 11    Spells: 4/4 levels left

rFire    + . .     SeeInvis .   a - +0 long sword
rCold    + + .     Faith    .   (no shield)
rNeg     + + +     Spirit   .   r - +0 leather armour (curse)
rPois    ∞         Reflect  .   c - +0 helmet
rElec    +         Harm     .   (no cloak)
rCorr    +         Rampage  .   (no gloves)
Will     .....                  (no boots)
Stlth    +.........             (no amulet)
HPRegen  0.00/turn              (no ring)
MPRegen  0.09/turn              (no ring)

@: confused, brilliant, resistant
A: claws 1, cold resistance 1, negative energy resistance 3, inhibited
regeneration, torment resistance, unbreathing
a: no special abilities


You were on level 4 of the Dungeon.
You visited 1 branch of the dungeon, and saw 4 of its levels.

You collected 150 gold pieces.

Inventory:

Hand Weapons
 a - a +0 long sword (weapon)
Missiles
 d - 3 throwing nets (quivered)
Armour
 c - a +0 helmet (worn)
 r - a cursed +0 leather armour (worn)
Scrolls
 e - a scroll of noise {unknown}
 f - 2 scrolls of remove curse {unknown}
 g - 4 scrolls of fog {unknown}
 h - 7 scrolls of identify {unknown}
 q - a scroll of teleportation {unknown}
 s - a scroll of enchant weapon {unknown}
Potions
 i - a potion of haste {unknown}
 j - a potion of invisibility {unknown}
 m - a potion of cancellation {unknown}
 n - a potion of heal wounds {unknown}
 o - a potion of flight {unknown}


   Skills:
 + Level 3.1 Fighting
 * Level 3.8 Long Blades
 + Level 2.5 Throwing
 + Level 3.3 Dodging


You had 4 spell levels left.
You didn't know any spells.
Your spell library was empty.

Dungeon Overview and Level Annotations

Branches:
Dungeon (4/15)
 Temple: D:4-7

Altars:

Annotations:
D:4 Edmund


Innate Abilities, Weirdness & Mutations

You thrive by killing the living.
You are immune to poison.
You have sharp fingernails.
Your flesh is cold resistant. (rC+)
You are immune to negative energy. (rN+++)
You do not regenerate when monsters are visible.
You are immune to unholy pain and torment.
You can survive without breathing.


Message History

Edmund hits you with a +4 flail of holy wrath.
You convulse!
The howler monkey closely misses you. The adder closely misses you.
The jackal bites you but does no damage.
You bump into the rock wall.
The howler monkey closely misses you.
Edmund hits you with a +4 flail of holy wrath.
You convulse.
* * * LOW HITPOINT WARNING * * *
The adder misses you. The ogre closely misses you. The jackal bites you.
* * * LOW HITPOINT WARNING * * *
The howler monkey hits you.
* * * LOW HITPOINT WARNING * * *
You barely miss the adder. The adder barely misses you.
The jackal bites you but does no damage.
Edmund hits you with a +4 flail of holy wrath.
* * * LOW HITPOINT WARNING * * *
You convulse.
* * * LOW HITPOINT WARNING * * *
The ogre hits you with a +0 giant spiked club!
You die...

....... .......
....... .......
........=.
.........h##
.........h@#
....... #O@#
....... #hS#
....... ##B##
.......##...# ..
............##
..#
..........#..##
#..#
.....#######..##
##>.## ....
##..##...... ###
#..........


You could see Edmund, an ogre, a howler monkey, a worker ant, an adder and 2
jackals.

Vanquished Creatures
  A hound (D:2)
  3 adders
  An ooze (D:3)
  3 worms (D:2)
  3 dart slugs
  A leopard gecko (D:1)
  An orc (D:3)
  3 giant cockroaches (D:1)
  6 hobgoblins
  A jackal (D:1)
  2 quokkas
  A ball python (D:2)
  5 bats
  3 frilled lizards
  6 goblins
  4 kobolds
  4 rats
48 creatures vanquished.

Vanquished Creatures (others)
  2 plants (D:4)
2 creatures vanquished.

Grand Total: 50 creatures vanquished

Notes
Turn   | Place    | Note
-------+----------+-------------------------------------------
     0 | D:1      | Borgoz the Ghoul Gladiator began the quest for the Orb.
     0 | D:1      | Reached XP level 1. HP: 17/17 MP: 0/0
   260 | D:1      | Reached XP level 2. HP: 18/25 MP: 1/1
   860 | D:1      | Reached XP level 3. HP: 30/30 MP: 2/2
  1438 | D:2      | Reached XP level 4. HP: 28/37 MP: 3/3
  2761 | D:4      | Reached XP level 5. HP: 43/45 MP: 4/4
  2824 | D:4      | Noticed an ogre
  2824 | D:4      | Noticed Edmund
  2824 | D:4      | HP: 2/45 [adder (2)]
  2833 | D:4      | Slain by an ogre

Illustrated notes

Levels and vault maps discovered:
D:1:      minmay_arrival_widening_spiral_wide, layout_basic, minmay_tetromino_o2
D:2:      layout_loops_ring
D:3:      layout_loops_ring
D:4:      layout_cave_pods, nicolae_qazlal_general_emergency, serial_shops,
          nicolae_shop_waterfront, serial_bayou_lake_a, uniq_eustachio,
          uniq_edmund, uniq_ijyb

Skill      XL: |  1  2  3  4 |
---------------+-------------+-----
Long Blades    | 3 |  3.8
Throwing       | 2 |  2.5
Dodging        | 3 |  3.3
Fighting       | 3 |  3.1

Action                   |  1- 3 |  4- 6 || total
-------------------------+-------+-------++-------
Melee: Long sword        |    74 |    79 ||   153
  Use: Potion            |       |     4 ||     4
 Stab: Sleeping          |     1 |       ||     1
Armor: Leather armour    |    21 |    34 ||    55
Dodge: Dodged            |    50 |    73 ||   123
       Rpst.: Long sword |    12 |    12 ||    24
